 Dungeon Crawl Stone Soup version 0.32-a0-120-gfac0567ad4 (webtiles) character file.

Game seed: 9975278466141667219

603967 juan097 the Impregnable (level 25, -5/245 HPs)
             Began as a Minotaur Fighter on Feb 6, 2024.
             Was the Champion of Nemelex Xobeh.
             Killed from afar by a black draconian knight (38 damage)
             ... with a bolt of lightning
             ... on level 1 of the Realm of Zot.
             The game lasted 03:53:30 (60190 turns).

juan097 the Impregnable (Minotaur Fighter)         Turns: 60190, Time: 03:53:31

Health: -5/245     AC: 53    Str: 32    XL:     25   Next: 43%
Magic:  35/35      EV: 14    Int: 11    God:    Nemelex Xobeh [******]
Gold:   5254       SH: 22    Dex: 12    Spells: 31/32 levels left

rFire   + + .        b - +2 broad axe (protect)
rCold   + . .        m - +1 tower shield {rF+}
rNeg    + . .        i - +10 plate armour of Discretion {rN+}
rPois   +            q - +2 hat "Fyril" {Regen+ Str+2}
rElec   .            M - +2 cloak {rPois}
rCorr   .            x - +2 pair of gloves {Str+3}
SInv    .            t - +2 pair of boots
Will    ++...        F - amulet of faith Stlth
                     z - ring of the Thistle {*Corrode rF+ rC+ Int+6 Slay+3}
HPRegen 1.40/turn    c - ring of willpower {=R}
MPRegen 0.24/turn

%: corrode self (3%), faith
@: lethally poisoned (-5 -> -8), under a protective aura, slowed, studying
Stealth, very slow
A: horns 2, retaliatory headbutt, hooves 1, clumsy 2, sense surroundings 1
}: 5/15 runes: decaying, serpentine, slimy, silver, abyssal
a: Renounce Religion, Draw Escape, Draw Destruction, Draw Summoning, Draw Stack,
Triple Draw, Deal Four, Stack Five


You were on level 1 of the Realm of Zot.
You worshipped Nemelex Xobeh.
Nemelex Xobeh was exalted by your worship.
You visited 11 branches of the dungeon, and saw 49 of its levels.
You visited the Abyss 1 time.
You also visited: Trove and Ossuary.

You collected 9197 gold pieces.
You spent 3943 gold pieces at shops.

Inventory:

Hand Weapons
 a - a +9 heavy broad axe
 b - a +2 broad axe of protection (weapon)
Missiles
 y - 12 boomerangs (quivered)
 C - 3 javelins
 X - 18 curare-tipped darts
Armour
 i - the +10 plate armour of Discretion (worn) {rN+}
   (You found it on level 5 of the Pits of Slime)

   rN+:       It protects you from negative energy.
 m - a +1 tower shield of fire resistance (worn)
 q - the +2 hat "Fyril" (worn) {Regen+ Str+2}
   (You found it on level 15 of the Dungeon)

   Str+2:     It affects your strength (+2).
   Regen+:    It increases your rate of health regeneration.
 t - a +2 pair of boots (worn)
 x - a +2 pair of gloves of strength (worn)
 M - a +2 cloak of poison resistance (worn)
Jewellery
 c - a ring of willpower (right hand) {=R}
 u - the ring of Hospitality {Fly rElec}
   (You bought it in a shop on level 4 of the Snake Pit)

   [ring of flight]

   rElec:     It insulates you from electricity.
   Fly:       It grants you flight.
 z - the ring of the Thistle (left hand) {*Corrode rF+ rC+ Int+6 Slay+3}
   (You found it on level 2 of the Depths)

   [ring of intelligence]

   Int+6:     It affects your intelligence (+6).
   Slay+3:    It affects your accuracy & damage with ranged weapons and melee
   (+3).
   rF+:       It protects you from fire.
   rC+:       It protects you from cold.
   *Corrode:  It may corrode you when you take damage.
 F - an amulet of faith (around neck)
 J - the ring of Bytoirho {Fire rN+ rCorr Str-4}
   (You took it off a vampire on level 15 of the Dungeon)

   [ring of fire]

   Fire:      It enhances your fire magic.
   Str-4:     It affects your strength (-4).
   rF+:       It protects you from fire.
   rC-:       It makes you vulnerable to cold.
   rN+:       It protects you from negative energy.
   rCorr:     It protects you from acid and corrosion.
 K - the amulet of Ymoopynko {Faith Dex+3 Stlth+}
   (You found it on level 5 of the Pits of Slime)

   [amulet of faith]

   Faith:     It allows you to gain divine favour quickly.
   Dex+3:     It affects your dexterity (+3).
   Stlth+:    It makes you more stealthy.
 U - a ring of see invisible
 V - the ring of Dim Light {rN+ Str+4}
   (You found it in a treasure trove)

   [ring of positive energy]

   Str+4:     It affects your strength (+4).
   rN+:       It protects you from negative energy.
Wands
 N - a wand of digging (19)
 R - a wand of acid (19)
 T - a wand of iceblast (14)
Scrolls
 f - 19 scrolls of teleportation
 g - 9 scrolls of blinking
 k - 9 scrolls of immolation
 n - 5 scrolls of silence
 o - 3 scrolls of summoning
 r - 6 scrolls of revelation
 G - 4 scrolls of enchant armour
 I - 6 scrolls of fear
 O - 6 scrolls of fog
 P - 11 scrolls of enchant weapon
 Q - 9 scrolls of poison
Potions
 d - 5 potions of might
 e - 3 potions of resistance
 h - 7 potions of attraction
 l - 10 potions of curing
 p - 5 potions of mutation
 s - 3 potions of cancellation
 A - 2 potions of ambrosia
 B - 10 potions of enlightenment
 D - 8 potions of haste
 E - 7 potions of heal wounds
 H - 2 potions of berserk rage
 Y - 3 potions of invisibility
Miscellaneous
 j - a phantom mirror
 v - a sack of spiders (inert)
 S - a tin of tremorstones (2/2)
 W - a phial of floods
 Z - a lightning rod (inert)


   Skills:
 + Level 23.7 Fighting
 - Level 18.0 Axes
 - Level 12.0 Ranged Weapons
 + Level 15.0 Throwing
 - Level 26.0 Armour
 - Level 15.0 Dodging
 - Level 12.0 Stealth
 - Level 21.0 Shields
 - Level 4.0 Spellcasting
 - Level 8.0 Translocations
 - Level 18.0 Invocations
 - Level 10.0 Evocations


You had 31 spell levels left.
You knew the following spells:

 Your Spells              Type           Power      Damage    Failure   Level
a - Apportation           Tloc           38%        N/A       3%          1

Your spell library contained the following spells:

 Spells                   Type           Power      Damage    Failure   Level
 Gell's Gravitas          Tloc           19%        N/A       10%         3
 Teleport Other           Tloc           19%        N/A       10%         3
 Manifold Assault         Tloc           19%        N/A       32%         4
 Volatile Blastmotes      Fire/Tloc      22%        2d11      45%         3
 Foxfire                  Conj/Fire      8%         2x1d4     65%         1
 Magic Dart               Conj           8%         1d3       65%         1
 Necrotise                Necr           8%         1d4       65%         1
 Sandblast                Erth           4%         2d4       65%         1
 Shock                    Conj/Air       8%         1d3       65%         1
 Slow                     Hex            8%         N/A       65%         1
 Sting                    Conj/Alch      8%         1d3       65%         1
 Summon Small Mammal      Summ           8%         N/A       65%         1
 Cigotuvi's Dreadful Rot  Necr/Alch/Air  4%         N/A       80%         2
 Ensorcelled Hibernation  Hex/Ice        4%         N/A       80%         2
 Jinxbite                 Hex            4%         N/A       80%         2
 Mercury Vapours          Alch/Air       4%         N/A       80%         2
 Searing Ray              Conj           4%         2d4       80%         2
 Static Discharge         Conj/Air       4%         3-4/arc   80%         2
 Sublimation of Blood     Necr           2%         N/A       80%         2
 Iskenderun's Mystic Bla  Conj/Tloc      11%        2d4       86%         4
 Vhi's Electric Charge    Tloc/Air       22%        N/A       86%         4
 Confusing Touch          Hex            2%         N/A       95%         3
 Dazzling Flash           Conj/Hex       4%         N/A       95%         3
 Frozen Ramparts          Ice            4%         1d1       95%         3
 Fugue of the Fallen      Necr           2%         N/A       95%         3
 Hailstorm                Conj/Ice       2%         3d5       95%         3
 Inner Flame              Hex/Fire       2%         N/A       95%         3
 Mephitic Cloud           Conj/Alch/Air  2%         N/A       95%         3
 Ozocubu's Armour         Ice            2%         N/A       95%         3
 Passwall                 Erth           2%         N/A       95%         3
 Sigil of Binding         Hex            2%         N/A       95%         3
 Stone Arrow              Conj/Erth      4%         3d7       95%         3
 Summon Ice Beast         Ice/Summ       2%         N/A       95%         3
 Swiftness                Air            2%         N/A       95%         3
 Vampiric Draining        Necr           2%         2d6       95%         3
 Summon Forest            Summ/Tloc      5%         N/A       99%         5
 Dispersal                Tloc           9%         N/A       99%         6
 Airstrike                Air            1%         2d(1-17)  100%        4
 Animate Armour           Summ/Erth      4%         N/A       100%        4
 Animate Dead             Necr           2%         N/A       100%        4
 Brom's Barrelling Bould  Conj/Erth      2%         2d3       100%        4
 Flame Wave               Conj/Fire      2%         2d4       100%        4
 Fulminant Prism          Conj/Alch      1%         3d5       100%        4
 Ignite Poison            Fire/Alch      2%         N/A       100%        4
 Leda's Liquefaction      Alch/Erth      1%         N/A       100%        4
 Martyr's Knell           Necr/Summ      2%         N/A       100%        4
 Olgreb's Toxic Radiance  Alch           2%         N/A       100%        4
 Petrify                  Alch/Erth      2%         N/A       100%        4
 Sticky Flame             Fire/Alch      2%         2d4       100%        4
 Summon Blazeheart Golem  Fire/Summ      2%         N/A       100%        4
 Summon Lightning Spire   Summ/Air       2%         N/A       100%        4
 Arcjolt                  Conj/Air       1%         1d11      100%        5
 Borgnjor's Vile Clutch   Necr/Erth      1%         N/A       100%        5
 Curse of Agony           Necr           2%         N/A       100%        5
 Freezing Cloud           Conj/Ice/Air   1%         6-21      100%        5
 Irradiate                Conj/Alch      1%         3d12      100%        5
 Lee's Rapid Deconstruct  Erth           1%         3d4*      100%        5
 Metabolic Englaciation   Hex/Ice        1%         N/A       100%        5
 Silence                  Hex/Air        1%         N/A       100%        5
 Summon Mana Viper        Hex/Summ       2%         N/A       100%        5
 Yara's Violent Unravell  Hex/Alch       1%         3d3       100%        5
 Bombard                  Conj/Erth      1%         9d1       100%        6
 Conjure Ball Lightning   Conj/Air       1%         3x3d6     100%        6
 Death Channel            Necr           1%         N/A       100%        6
 Eringya's Noxious Bog    Alch           1%         4d6       100%        6
 Plasma Beam              Fire/Air       1%         2x1d11    100%        6
 Sculpt Simulacrum        Ice/Alch       1%         N/A       100%        6
 Enfeeble                 Hex            1%         N/A       100%        7
 Haunt                    Necr/Summ      1%         N/A       100%        7
 Malign Gateway           Summ/Tloc      5%         N/A       100%        7
 Monstrous Menagerie      Summ           1%         N/A       100%        7
 Orb of Destruction       Conj           1%         9d5       100%        7
 Ozocubu's Refrigeration  Ice            1%         4d7       100%        7
 Spellforged Servitor     Conj/Summ      1%         N/A       100%        7
 Summon Hydra             Summ           1%         N/A       100%        7
 Borgnjor's Revivificati  Necr           1%         N/A       100%        8
 Discord                  Hex            1%         N/A       100%        8
 Disjunction              Tloc           9%         N/A       100%        8
 Ignition                 Fire           1%         3d3       100%        8
 Summon Horrible Things   Summ           1%         N/A       100%        8


Dungeon Overview and Level Annotations

Branches:
Dungeon (15/15)            Temple (1/1) D:6            Lair (5/5) D:10
  Swamp (4/4) Lair:3        Snake (4/4) Lair:3        Slime (5/5) Lair:4
    Orc (2/2) D:9             Elf (3/3) Orc:2        Vaults (5/5) D:14
  Crypt (0/3) Vaults:2     Depths (4/4) D:15            Zot (1/5) Depths:4
Ossuary (visited)

Altars:
Ashenzari
Cheibriados
Dithmenos
Elyvilon
Fedhas
Gozag
Hepliaklqana
Kikubaaqudgha
Makhleb
Nemelex Xobeh
Okawaru
Qazlal
Ru
Sif Muna
Trog
Uskayaw
Vehumet
Wu Jian
Xom
Yredelemnul
Zin
The Shining One
Jiyva

Shops:
D:9 [(   Orc:2 ((?[*[*   Elf:1 [   Elf:2 :[   Snake:4 ==:   Vaults:1 ?
Vaults:3 !   Vaults:4 ?   Depths:2 =

Portals:
Hell: Depths:1 Depths:2 Depths:3 Depths:4
Abyss: Depths:2 Depths:3 Depths:4
Pandemonium: Depths:2
Ziggurat: Depths:4

Annotations:
Elf:2 2 runed translucent doors


Innate Abilities, Weirdness & Mutations

You have a pair of horns on your head.
You reflexively headbutt those who attack you in melee.
You have large cloven feet.
You are very clumsy. (Dex -4)
You passively map a small area around you.


Message History

The black draconian is heavily wounded.
You slice the black draconian knight!!
You are engulfed in dark miasma.
* * * LOW HITPOINT WARNING * * *
Your centaur warrior hits the black draconian.
Your centaur warrior barely misses the black draconian.
Something hits your centaur warrior!
Your centaur warrior dies!
Your centaur warrior's corpse disappears in a puff of smoke!
The black draconian knight mumbles some strange words.
The black draconian knight seems to speed up.
The black draconian hits you but does no damage.
You hit the black draconian but do no damage.
Your headbutt misses the black draconian.
The black draconian is heavily wounded.
You hit the black draconian knight.
You are engulfed in dark miasma.
You are poisoned.
You feel yourself slow down.
* * * LOW HITPOINT WARNING * * *
You feel very sick.
Your centaur warrior shoots an arrow.
The arrow barely misses the black draconian knight.
The black draconian knight hits you with a +0 antimagic great mace.
* * * LOW HITPOINT WARNING * * *
You block the black draconian's attack.
The yellow draconian annihilator spits acid at you.
The glob of acid hits your centaur warrior!!
The acid corrodes your centaur warrior!
You feel much better.
You are engulfed in dark miasma.
You feel as though you will be slow longer.
* * * LOW HITPOINT WARNING * * *
You feel very sick.
The black draconian knight breathes lightning at you.
The bolt of lightning hits you!!
* * * LOW HITPOINT WARNING * * *
The bolt of lightning hits the black draconian.
The black draconian completely resists.
The bolt of lightning hits the black draconian.
The black draconian completely resists.
The bolt of lightning hits you!!!
You die...
Your body glows with a rainbow of weird colours and disappears.

##...#.## *,* #.. ###+### ##. * *
* #####. * * , #..... ####### ,
###### ......# , , ß ......# , ,
# ,,,# ,* ......# * *#d#####.# ß
......# *#d@q)°# * ### ......#
###○#######'####### ......#
##.....##........... ####'##
#.#..c#.#........### #.#
#.#...#.#........#≈≈ #.#
#.#.ß.#)#........#§§ ####.#
#.#..q#.#^.......#§≈ .....#
#.#...#.#........###
###############.....##...........


You could see a black draconian knight (fast, catching breath), a black
draconian, a white draconian, a yellow draconian annihilator (catching breath,
ally target) and a friendly centaur warrior (summoned, corroded).

Vanquished Creatures
  the Royal Jelly (Slime:5)
  2 ancient liches (Vaults:5)
  A dread lich (Vaults:5)
  Mara (Depths:3)
  2 juggernauts
  Sojobo (Depths:3)
  Vv (Depths:4)
  Margery (Vaults:5)
  A caustic shrike (Depths:2)
  Nikola (Elf:3)
  5 golden dragons
  Norris (Elf:1)
  3 bone dragons
  A hellephant (Vaults:4)
  An iron giant (Depths:3)
  9 tentacled monstrosities
  A Hell Sentinel (Abyss:3)
  Jorgrun (Lair:3)
  The ghost of cforsyth the Slayer, an adept DjHW of Gozag (Swamp:3)
  Mlioglotl (Swamp:2)
  2 walking crystal tomes (Depths:3)
  6 titans
  Asterion (Elf:1)
  2 deep elf blademasters (Elf:3)
  A quicksilver dragon (Vaults:4)
  The ghost of Cexaud the Fencer, an adept DjCK of Xom (Vaults:3)
  19 acid blobs
  An ancient champion (Depths:2)
  5 sphinxes
  Frances (D:13)
  4 death cobs (Zot:1)
  7 tentacled starspawn
  3 storm dragons
  3 tengu reavers
  Kirke (D:15)
  Aizul (Elf:1)
  A thorn hunter (Swamp:1)
  15 rockslimes
  3 shadow dragons
  12 azure jellies
  9 deep elf sorcerers
  10 nagarajas
  11 frost giants
  A draconian knight (Depths:4)
  6 fire giants
  A draconian scorcher (Depths:4)
  2 draconian shifters
  8 iron dragons
  18 vault wardens
  3 deep elf elementalists (Elf:3)
  A cacodemon (Abyss:4)
  A draconian stormcaller (Zot:1)
  2 draconian annihilators
  8 quicksilver oozes
  A spriggan defender (Depths:3)
  5 formless jellyfish
  2 orc warlords
  7 ironbound thunderhulks
  23 very ugly things
  Nessos (D:13)
  An ophan (Abyss:3)
  3 vampire knights (Depths:2)
  17 ironbound preservers
  20 stone giants
  2 green draconians
  3 black draconians
  6 deep elf demonologists
  6 eleionomae
  6 deep elf death magi
  7 bunyips
  Azrael (D:12)
  2 red draconians
  5 war gargoyles
  16 dire elephants
  3 purple draconians
  8 spark wasps
  5 deep elf annihilators
  5 white draconians
  A crystal guardian (Vaults:4)
  A green death (Abyss:4)
  A merfolk impaler (Abyss:3)
  8 ettins
  3 blizzard demons (Abyss:3)
  A quicksilver dragon zombie (Abyss:3)
  3 entropy weavers
  15 yaktaur captains
  6 fire dragons
  Harold (D:8)
  4 ice dragons
  A shambling mangrove (Swamp:3)
  7 deep elf high priests
  8 catoblepae
  21 great orbs of eyes
  33 vault guards
  2 rakshasas
  4 salamander tyrants
  Erolcha (D:12)
  An ogre mage (Vaults:5)
  3 peacekeepers (Vaults:4)
  9 hydras
  A ghost crab (Swamp:4)
  8 centaur warriors
  7 ironbound frosthearts
  3 two-headed ogres
  4 spriggan air magi
  7 boulder beetles
  13 alligators
  6 anacondas
  A jorogumo (shapeshifter) (Depths:1)
  5 tengu warriors
  14 dancing weapons
  18 naga warriors
  A two-headed ogre (shapeshifter) (Depths:4)
  2 occultists
  A death knight (Vaults:2)
  5 deep troll earth magi
  8 deep troll shamans
  21 death yaks
  6 thrashing horrors (Abyss:3)
  5 shock serpents
  9 deep elf knights
  11 hell knights
  3 spriggan berserkers
  3 orc high priests (Orc:2)
  5 hell hogs
  A soul eater (Depths:3)
  Nergalle (Lair:3)
  Sonja (D:13)
  6 skysharks
  A skeletal warrior (D:15)
  A spectral bunyip (Swamp:4)
  6 wretched stars (Abyss:3)
  13 naga sharpshooters
  A fire crab (shapeshifter) (Vaults:5)
  8 iron trolls
  6 goliath frogs
  2 shadow wraiths
  2 death drakes (Swamp:4)
  Lodul (D:13)
  5 swamp dragons
  A sea snake (Depths:1)
  2 spriggan druids (Swamp:4)
  A glowing orange brain (shapeshifter) (Depths:2)
  3 mana vipers
  5 glowing orange brains
  8 salamander mystics
  A shadow demon (Abyss:3)
  4 bog bodies
  2 spectral alligators (Swamp:4)
  A flayed ghost (Depths:2)
  7 arcanists
  13 deep elf archers
  5 spectral hydras (Swamp:4)
  12 naga ritualists
  Pikel (D:4)
  30 deep trolls
  13 lindwurms
  7 large abominations
  2 alligator zombies (Swamp:4)
  A steelbarb worm (shapeshifter) (Vaults:5)
  16 ironbound convokers
  13 orc knights
  6 phantasmal warriors
  7 harpies
  3 lightning spires (Abyss:3)
  43 ugly things
  31 deep elf pyromancers
  4 necromancers
  8 orc sorcerers
  24 deep elf zephyrmancers
  25 salamanders
  7 shining eyes
  2 wolf spiders (D:14)
  A manticore (shapeshifter) (D:15)
  13 cyclopes
  Maurice (D:11)
  5 will-o-the-wisps
  10 manticores
  A wolf spider (shapeshifter) (Vaults:4)
  A worldbinder (Abyss:4)
  6 elephants
  4 rust devils (Depths:4)
  96 slime creatures
  An apocalypse crab (Abyss:3)
  13 vault sentinels
  6 moths of wrath
  A black mamba (shapeshifter) (D:14)
  36 black mambas
  3 kobold blastminers (Orc:2)
  2 guardian serpents
  22 naga magi
  3 gargoyles
  A guardian serpent (shapeshifter) (D:14)
  A cane toad (shapeshifter) (D:14)
  An eye of devastation (Slime:5)
  2 unseen horrors (D:10)
  8 smoke demons
  2 kobold demonologists (D:11)
  A freezing wraith (D:14)
  A torpor snail (Lair:2)
  15 cane toads
  A hellion (Depths:3)
  5 swamp worm zombies (Swamp:4)
  Jeremiah (D:6)
  A rime drake (Lair:2)
  35 yaktaurs
  8 komodo dragons
  2 alligator snapping turtle skeletons
  2 efreet (D:14)
  2 guardian mummies (Vaults:1)
  An ice devil (Abyss:3)
  3 ancient zymes (Abyss:3)
  2 trolls (shapeshifter) (D:14)
  2 merfolk (shapeshifter)
  A wandering mushroom (Swamp:3)
  A human skeleton (Vaults:2)
  A bloated husk (Swamp:4)
  A hellwing (Abyss:3)
  A polar bear (shapeshifter) (Elf:3)
  6 trolls
  2 hydra zombies
  2 polar bears
  10 tyrant leeches
  A blink frog (shapeshifter) (D:15)
  10 hornets
  27 blink frogs
  9 raiju
  2 glass eyes
  A glass eye (shapeshifter) (Elf:3)
  11 dream sheep
  A slime creature (shapeshifter) (Elf:2)
  Sigmund (D:2)
  A culicivora (Vaults:2)
  11 spriggans
  3 air elementals
  2 shadows (D:9)
  A centaur simulacrum (D:15)
  3 water elementals
  A ynoxinul (Abyss:3)
  2 wyverns
  48 yaks
  2 vampires
  A wraith (Abyss:3)
  4 hogs (D:15)
  10 basilisks
  7 fire elementals
  15 starcursed masses (Abyss:3)
  4 tyrant leech zombies (Swamp:4)
  2 redbacks (Vaults:2)
  A neqoxec (Abyss:4)
  7 golden eyes
  A yaktaur simulacrum (Vaults:2)
  24 vampire mosquitoes
  2 chaos spawn (Abyss:3)
  An elf skeleton (Vaults:2)
  60 nagas
  Menkaure (D:4)
  17 swamp worms
  5 hell hounds
  Duvessa (D:6)
  2 acid dragons
  A swamp drake (Swamp:3)
  19 water moccasins
  18 orc warriors
  4 ice beasts
  8 small abominations (Abyss:3)
  A sky beast (Orc:2)
  6 swamp dragon zombies (Swamp:4)
  3 black bears
  A tengu (shapeshifter) (Elf:3)
  5 boggarts (Vaults:1)
  3 wolves (Lair:5)
  18 ogres
  5 centaurs
  7 phantoms (Swamp:4)
  2 weeping skulls (Abyss:3)
  A gnoll sergeant (D:12)
  5 kobold brigands
  8 bullfrogs
  2 scorpions (D:5)
  A glowing shapeshifter simulacrum (Vaults:2)
  2 earth elementals
  A burial acolyte (Ossuary)
  A wight (D:8)
  Dowan (D:6)
  14 killer bees
  A bombardier beetle (D:3)
  3 howler monkeys
  2 centaur zombies (Ossuary)
  2 quasits
  3 human zombies
  5 hounds
  3 jellies
  A spectral scorpion (Ossuary)
  17 orc priests
  A sleepcap (D:6)
  3 iguanas
  Ijyb (D:4)
  30 orc wizards
  A crocodile zombie (Ossuary)
  A boggart simulacrum (D:15)
  A hound zombie (Ossuary)
  3 mummies (Ossuary)
  8 gnolls
  7 adders
  2 white imps
  6 ufetubi
  5 adder zombies (Ossuary)
  A ribbon worm (D:2)
  2 dart slugs
  62 orcs
  9 ball pythons
  6 bats
  7 endoplasms
  2 giant cockroaches
  A gnoll zombie (Ossuary)
  5 goblins
  4 hobgoblins
  8 jackals
  3 quokkas
  3 ball python zombies (Ossuary)
  5 frilled lizards
  7 jackal zombies (Ossuary)
  32 kobolds
  3 kobold zombies (Ossuary)
  3 orc zombies (Ossuary)
  2 quokka zombies (D:7)
  5 rats
  A butterfly (Lair:3)
  3 spectral weapons
  4 starspawn tentacles (Abyss:3)
2095 creatures vanquished.

Vanquished Creatures (collateral kills)
  Mennas (Depths:3)
  A bone dragon (Swamp:4)
  A walking crystal tome (Depths:3)
  A tentacled monstrosity (Vaults:5)
  A lich (D:15)
  A deep elf master archer (Elf:3)
  A shadow dragon (Depths:4)
  A tengu reaver (Depths:3)
  A deep elf sorcerer (Elf:3)
  2 deep elf demonologists (Elf:3)
  A spriggan defender (Depths:3)
  2 deep elf annihilators (Elf:3)
  2 deep elf death magi (Elf:3)
  2 black draconians (Zot:1)
  A dire elephant (Vaults:2)
  4 deep elf high priests (Elf:3)
  A yaktaur captain (Vaults:3)
  A jorogumo (Elf:3)
  A centaur warrior (Vaults:2)
  A spriggan air mage (Depths:3)
  3 naga sharpshooters (Snake:3)
  A naga warrior (Snake:3)
  3 hell knights (Depths:2)
  The ghost of petzl the Sneak, a novice FoDe of Vehumet (D:15)
  A phantasmal warrior (Swamp:4)
  2 orc knights
  A salamander (Snake:2)
  A will-o-the-wisp (Abyss:3)
  2 ugly things (Vaults:2)
  A large abomination (Abyss:3)
  4 naga magi
  A smoke demon (Depths:3)
  A black mamba (Snake:2)
  A yaktaur (D:15)
  A troll (D:11)
  A wraith (D:15)
  A vampire (D:15)
  A neqoxec (Abyss:3)
  A tyrant leech zombie (Swamp:4)
  6 nagas
  A quasit (Abyss:3)
  An orc priest (Orc:2)
63 creatures vanquished.

Vanquished Creatures (others)
  A nagaraja (Snake:4)
  A blizzard demon (Abyss:3)
  A hydra (Swamp:3)
  A goliath frog (Swamp:3)
  A deep elf zephyrmancer (Elf:3)
  A naga mage (Snake:2)
  A large abomination (Abyss:3)
  2 bloated husks (Swamp:4)
  A raiju (Abyss:3)
  An ettin zombie (Abyss:3)
  A naga (Snake:4)
  An orc warrior (D:15)
  A phantom (Swamp:4)
  10 foxfires
  16 starspawn tentacles
40 creatures vanquished.

Grand Total: 2198 creatures vanquished

Notes
Turn   | Place    | Note
-------+----------+-------------------------------------------
     0 | D:1      | juan097 the Minotaur Fighter began the quest for the Orb.
     0 | D:1      | Reached XP level 1. HP: 19/19 MP: 0/0
    73 | D:1      | Reached XP level 2. HP: 24/27 MP: 1/1
   623 | D:1      | Reached skill level 4 in Armour
   929 | D:2      | Reached XP level 3. HP: 33/33 MP: 2/2
   979 | D:2      | Noticed Sigmund
  1176 | D:2      | Reached skill level 1 in Dodging
  1220 | D:2      | Found a shimmering altar of Xom.
  1627 | D:3      | Found a sparkling altar of Nemelex Xobeh.
  1662 | D:3      | Found a stormy altar of Qazlal.
  1691 | D:3      | Reached XP level 4. HP: 40/40 MP: 3/3
  2242 | D:4      | Noticed Menkaure
  2266 | D:4      | Killed Menkaure
  2267 | D:4      | Reached skill level 5 in Shields
  2267 | D:4      | Reached XP level 5. HP: 15/46 MP: 4/4
  2430 | D:4      | Reached skill level 5 in Axes
  2552 | D:4      | Noticed a lemure
  2626 | D:4      | Noticed Pikel
  2626 | D:4      | Noticed a lemure
  2627 | D:4      | Noticed a lemure
  2642 | D:4      | Killed Pikel
  2643 | D:4      | Reached skill level 1 in Stealth
  2643 | D:4      | Reached XP level 6. HP: 25/52 MP: 5/5
  2643 | D:4      | Reached XP level 7. HP: 29/59 MP: 6/6
  2851 | D:4      | Found an ancient bone altar of Kikubaaqudgha.
  2944 | D:4      | Noticed Ijyb
  2958 | D:4      | Killed Ijyb
  3001 | D:5      | Entered Level 5 of the Dungeon
  3114 | D:2      | Killed Sigmund
  3115 | D:2      | Reached skill level 1 in Throwing
  3395 | D:3      | Became a worshipper of Nemelex Xobeh the Trickster
  3787 | D:5      | Reached XP level 8. HP: 66/67 MP: 7/7
  3858 | D:5      | Reached skill level 5 in Fighting
  4331 | D:6      | Found a staircase to the Ecumenical Temple.
  4342 | Temple   | Entered the Ecumenical Temple
  4348 | D:6      | Noticed Dowan
  4486 | D:6      | Noticed Jeremiah
  4641 | D:6      | Killed Dowan
  4652 | D:7      | Reached XP level 9. HP: 72/75 MP: 8/8
  4669 | D:7      | Reached skill level 10 in Axes
  4738 | D:7      | Found a sand-covered staircase.
  4746 | Ossuary  | Entered an ossuary
  4960 | Ossuary  | Reached skill level 1 in Evocations
  4990 | Ossuary  | Reached skill level 1 in Invocations
  5520 | D:7      | Reached * piety under Nemelex Xobeh
  5779 | D:6      | Reached skill level 5 in Armour
  5953 | D:6      | Noticed Duvessa
  5967 | D:6      | Killed Duvessa
  6056 | D:6      | Received a gift from Nemelex Xobeh
  6141 | D:7      | Noticed a troll
  6207 | D:6      | Found a blossoming altar of Fedhas.
  6535 | D:6      | Killed Jeremiah
  6808 | D:8      | Identified the staff of Mocaorr {rN+ SInv Necro}
  6838 | D:8      | Found a bloodstained altar of Trog.
  6936 | D:8      | Reached ** piety under Nemelex Xobeh
  6979 | D:8      | Found a shadowy altar of Dithmenos.
  6979 | D:8      | Found a glowing silver altar of Zin.
  6998 | D:8      | Noticed a two-headed ogre
  7009 | D:8      | Killed a two-headed ogre
  7010 | D:8      | Reached XP level 10. HP: 49/86 MP: 11/11
  7365 | D:8      | Found a burning altar of Makhleb.
  7375 | D:8      | Received a gift from Nemelex Xobeh
  7579 | D:8      | Reached skill level 6 in Armour
  7790 | D:9      | Found a broken altar of Ashenzari.
  7816 | D:9      | Found a shimmering altar of Xom.
  7865 | D:9      | Found Narruwed's Armour Boutique.
  7906 | D:9      | Bought a +1 cloak of poison resistance for 189 gold pieces
  7933 | D:9      | Noticed Harold
  7934 | D:9      | Found a staircase to the Orcish Mines.
  7965 | D:9      | Noticed a boulder beetle
  7990 | D:8      | Killed Harold
  8245 | D:9      | Found Heriz's Antique Weapon Emporium.
  8260 | D:9      | Found an iron altar of Okawaru.
  8279 | D:9      | Killed a boulder beetle
  8280 | D:9      | Reached skill level 5 in Invocations
  8635 | D:9      | Found a basalt altar of Yredelemnul.
  8696 | D:9      | Reached *** piety under Nemelex Xobeh
  8739 | D:9      | Reached skill level 5 in Evocations
  8866 | Orc:1    | Entered Level 1 of the Orcish Mines
  8876 | Orc:1    | Received a gift from Nemelex Xobeh
  9070 | Orc:1    | Reached XP level 11. HP: 94/94 MP: 14/14
  9170 | Orc:1    | Noticed an orc sorcerer
  9230 | Orc:1    | Killed an orc sorcerer
  9335 | Orc:1    | Noticed an orc knight
  9353 | Orc:1    | Killed an orc knight
  9759 | Orc:1    | Noticed a wolf spider
  9861 | Orc:2    | Entered Level 2 of the Orcish Mines
  9884 | Orc:2    | Found Acraw's General Store.
  9970 | Orc:2    | Noticed an orc knight
  9993 | Orc:2    | an orc knight changed into a sky beast
 10009 | Orc:2    | Noticed an orc sorcerer
 10013 | Orc:2    | Killed an orc sorcerer
 10078 | Orc:2    | Received a gift from Nemelex Xobeh
 10085 | Orc:2    | Found Asiy's Weapon Emporium.
 10199 | Orc:2    | Noticed an orc sorcerer
 10205 | Orc:2    | Killed an orc sorcerer
 10206 | Orc:2    | Reached skill level 5 in Dodging
 10221 | Orc:2    | Found a staircase to the Elven Halls.
 10423 | Orc:2    | Found Laorrobi's Weapon Boutique.
 10497 | Orc:2    | Reached skill level 7 in Armour
 10526 | Orc:2    | Reached **** piety under Nemelex Xobeh
 10653 | Orc:2    | Noticed an orc high priest
 10653 | Orc:2    | Noticed an orc sorcerer
 10661 | Orc:2    | Noticed an orc knight
 10661 | Orc:2    | Noticed an orc high priest
 10874 | Orc:1    | Killed an orc knight
 10962 | Orc:2    | Noticed an orc sorcerer
 10962 | Orc:2    | Noticed an orc sorcerer
 10975 | Orc:2    | Killed an orc sorcerer
 10980 | Orc:2    | Noticed an orc knight
 10983 | Orc:2    | Killed an orc sorcerer
 10987 | Orc:2    | an orc knight changed into a dream sheep
 11029 | Orc:2    | Killed an orc sorcerer
 11141 | Orc:2    | Noticed a sun demon
 11142 | Orc:2    | Noticed a sun demon
 11148 | Orc:2    | Killed an orc high priest
 11213 | Orc:2    | Noticed an orc sorcerer
 11221 | Orc:2    | Killed an orc sorcerer
 11235 | Orc:2    | Reached skill level 8 in Armour
 11447 | Orc:2    | Noticed an orc knight
 11473 | Orc:2    | Killed an orc knight
 11486 | Orc:2    | Noticed an orc high priest
 11489 | Orc:2    | Noticed an orc knight
 11493 | Orc:2    | Killed an orc high priest
 11494 | Orc:2    | Reached XP level 12. HP: 85/106 MP: 16/16
 11505 | Orc:2    | Reached skill level 10 in Fighting
 11594 | Orc:2    | Found Ysyimur's Antique Armour Shop.
 11594 | Orc:2    | Found Eshukun's Magic Scroll Shop.
 11613 | Orc:2    | Found Deany's General Store.
 11620 | Orc:2    | Found Boifru's Armour Shoppe.
 11637 | Orc:2    | Received a gift from Nemelex Xobeh
 11704 | Orc:2    | Bought a scroll of fog for 40 gold pieces
 11704 | Orc:2    | Bought a scroll of fear for 40 gold pieces
 11704 | Orc:2    | Bought a scroll of blinking for 75 gold pieces
 11704 | Orc:2    | Bought a scroll of enchant weapon for 75 gold pieces
 11704 | Orc:2    | Bought a scroll of acquirement for 520 gold pieces
 11714 | Orc:2    | Bought a scroll of poison for 68 gold pieces
 11765 | Orc:2    | Bought 2 potions of heal wounds for 160 gold pieces
 11846 | Orc:2    | Bought a scroll of identify for 32 gold pieces
 11961 | Orc:2    | Paralysed by an orc sorcerer for 4 turns
 12314 | D:10     | Entered Level 10 of the Dungeon
 12427 | D:10     | Found a staircase to the Lair.
 12495 | D:10     | Reached skill level 5 in Throwing
 12563 | D:10     | Found a shimmering blue altar of Sif Muna.
 12913 | D:10     | Received a gift from Nemelex Xobeh
 12995 | D:10     | Found an ornate altar of the Wu Jian Council.
 13029 | D:10     | Found a snail-covered altar of Cheibriados.
 13285 | Lair:1   | Entered Level 1 of the Lair of Beasts
 13404 | Lair:1   | Received a gift from Nemelex Xobeh
 13531 | Lair:1   | Reached ***** piety under Nemelex Xobeh
 13560 | Lair:1   | Reached skill level 9 in Armour
 13698 | Orc:2    | Killed an orc high priest
 13714 | Orc:2    | Bought a +6 heavy broad axe for 548 gold pieces
 14387 | Lair:1   | Noticed a death yak
 14387 | Lair:1   | Noticed a death yak
 14402 | Lair:1   | Noticed a death yak
 14406 | Lair:1   | Killed a death yak
 14623 | Lair:1   | Reached skill level 15 in Axes
 14623 | Lair:1   | Reached XP level 13. HP: 97/116 MP: 18/18
 14634 | Lair:1   | Acquired a manual of Shields
 14913 | Lair:2   | Reached skill level 10 in Armour
 15335 | Lair:2   | Received a gift from Nemelex Xobeh
 15449 | Lair:2   | Received a gift from Nemelex Xobeh
 15578 | Lair:2   | Received a gift from Nemelex Xobeh
 15945 | Lair:3   | Found a staircase to the Snake Pit.
 15959 | Lair:3   | Found a staircase to the Swamp.
 16018 | Lair:3   | Found a sparkling altar of Nemelex Xobeh.
 16176 | Lair:3   | Noticed Nergalle
 16185 | Lair:3   | Killed Nergalle
 16440 | Lair:4   | Received a gift from Nemelex Xobeh
 16820 | Lair:4   | Found a shimmering altar of Xom.
 17154 | Lair:4   | Received a gift from Nemelex Xobeh
 17170 | Lair:4   | Found a staircase to the Slime Pits.
 17171 | Lair:4   | Found a viscous altar of Jiyva.
 17272 | Lair:4   | Reached ****** piety under Nemelex Xobeh
 17530 | Lair:4   | Reached XP level 14. HP: 80/129 MP: 20/20
 17747 | Lair:4   | Received a gift from Nemelex Xobeh
 17802 | Lair:5   | Entered Level 5 of the Lair of Beasts
 17854 | Lair:5   | Reached skill level 10 in Invocations
 18507 | Lair:5   | Received a gift from Nemelex Xobeh
 18532 | Lair:5   | Gained mutation: You sometimes lose your temper in combat.
                  | [a shining eye]
 18954 | Lair:5   | Received a gift from Nemelex Xobeh
 20068 | D:11     | Received a gift from Nemelex Xobeh
 20370 | D:11     | Reached skill level 11 in Armour
 20441 | D:11     | Noticed Maurice
 20461 | D:11     | Something stole the staff of Mocaorr {rN+ SInv Necro}
 20462 | D:11     | Killed Maurice
 20509 | D:11     | Received a gift from Nemelex Xobeh
 20951 | D:12     | Noticed Erolcha
 20953 | D:12     | Killed Erolcha
 21299 | D:12     | Received a gift from Nemelex Xobeh
 21306 | D:12     | Noticed Azrael
 21320 | D:12     | Killed Azrael
 21321 | D:12     | Reached XP level 15. HP: 113/137 MP: 22/22
 21934 | D:12     | Received a gift from Nemelex Xobeh
 22388 | D:13     | Acquired 314 gold pieces
 22407 | D:13     | Received a gift from Nemelex Xobeh
 22440 | D:13     | Noticed Frances
 22443 | D:13     | Noticed Lodul
 22457 | D:13     | Killed Frances
 22469 | D:13     | Killed Lodul
 22713 | D:13     | Noticed Sonja
 22730 | D:13     | Killed Sonja
 22741 | D:13     | Noticed Nessos
 22749 | D:13     | Killed Nessos
 23051 | D:13     | Reached skill level 12 in Armour
 23403 | D:14     | Received a gift from Nemelex Xobeh
 23495 | D:14     | Reached skill level 15 in Fighting
 23709 | D:14     | Reached skill level 10 in Shields
 23725 | D:14     | Reached skill level 13 in Armour
 23762 | D:14     | Identified the +2 robe of Judek {+Inv Str+3}
 23779 | D:14     | Found a gate to the Vaults.
 23819 | D:14     | Found a sparkling altar of Nemelex Xobeh.
 24452 | D:14     | Identified the ring of the Solstice {rF+ rC+ Will- Int+3}
 24665 | D:14     | Received a gift from Nemelex Xobeh
 25009 | D:15     | Entered Level 15 of the Dungeon
 25025 | D:15     | Reached XP level 16. HP: 114/151 MP: 24/24
 25029 | D:15     | Noticed Kirke
 25034 | D:15     | Noticed a sphinx
 25036 | D:15     | Noticed a sphinx
 25187 | D:15     | Received a gift from Nemelex Xobeh
 25419 | D:15     | Found a runed translucent door.
 25419 | D:15     | Noticed petzl's ghost (novice FoDe)
 25419 | D:15     | Noticed a lich
 25427 | D:15     | Found a runed translucent door.
 25432 | D:15     | Noticed a storm dragon
 25626 | D:15     | Reached skill level 15 in Shields
 25642 | D:15     | Killed Kirke
 25877 | D:15     | Found a staircase to the Depths.
 26067 | D:15     | Received a gift from Nemelex Xobeh
 26189 | D:15     | Identified the ring of Bytoirho {Fire rN+ rCorr Str-4}
 26357 | D:15     | Killed a storm dragon
 26361 | D:15     | Killed a lich
 26361 | D:15     | Killed petzl's ghost
 26571 | D:15     | Identified the +2 hat "Fyril" {Regen+ Str+2}
 26847 | Snake:1  | Entered Level 1 of the Snake Pit
 27261 | Orc:2    | Bought a +1 sling of electrocution for 160 gold pieces
 27451 | Snake:1  | Noticed Jorgrun
 27553 | Lair:3   | Killed Jorgrun
 27763 | Snake:1  | Learned a level 1 spell: Apportation
 27906 | Snake:1  | Received a gift from Nemelex Xobeh
 28194 | Snake:2  | You fall into a shaft and drop 1 floor!
 28245 | Snake:2  | Received a gift from Nemelex Xobeh
 28457 | Snake:2  | Reached skill level 14 in Armour
 28957 | Snake:2  | Reached XP level 17. HP: 106/160 MP: 25/25
 29134 | Snake:3  | Received a gift from Nemelex Xobeh
 29378 | Snake:3  | Reached skill level 10 in Dodging
 29469 | Snake:3  | Reached skill level 10 in Throwing
 29905 | Snake:4  | Entered Level 4 of the Snake Pit
 30027 | Snake:4  | Received a gift from Nemelex Xobeh
 30301 | Snake:4  | Found Raagaj's Book Shop.
 30301 | Snake:4  | Found Tiadghoo's Jewellery Shoppe.
 30303 | Snake:4  | Found Etylla's Jewellery Shoppe.
 30323 | Snake:4  | Found the +8 Wrath of Trog {antimagic, *Rage Rampage}
 30425 | Snake:4  | Reached skill level 15 in Armour
 32001 | Snake:4  | Got a serpentine rune of Zot
 32011 | Snake:4  | Identified the +1 scale mail of Pride {Will+ Int+4}
 32323 | Swamp:1  | Entered Level 1 of the Swamp
 32349 | Swamp:1  | Reached XP level 18. HP: 172/172 MP: 27/27
 32465 | Swamp:1  | Reached skill level 16 in Armour
 32621 | Swamp:1  | Received a gift from Nemelex Xobeh
 32634 | Swamp:1  | Reached skill level 15 in Invocations
 33101 | Swamp:2  | Noticed Mlioglotl
 33110 | Swamp:2  | Killed Mlioglotl
 33217 | Swamp:2  | Received a gift from Nemelex Xobeh
 33471 | Swamp:3  | Received a gift from Nemelex Xobeh
 33735 | Swamp:3  | Found a transporter.
 33747 | Swamp:3  | Noticed cforsyth's ghost (adept DjHW)
 33792 | Swamp:3  | Found a transporter.
 34245 | Swamp:4  | Entered Level 4 of the Swamp
 34690 | Swamp:4  | Received a gift from Nemelex Xobeh
 34962 | Swamp:4  | Reached skill level 17 in Armour
 34996 | Swamp:4  | Noticed a bone dragon
 35003 | Swamp:4  | Killed a bone dragon
 35033 | Swamp:4  | Got a decaying rune of Zot
 35420 | Vaults:1 | Entered Level 1 of the Vaults
 35655 | Vaults:1 | Reached XP level 19. HP: 166/182 MP: 29/29
 35900 | Vaults:1 | Received a gift from Nemelex Xobeh
 36169 | Vaults:1 | Received a gift from Nemelex Xobeh
 36263 | Vaults:1 | Found Asmo's Magic Scroll Shop.
 36278 | Vaults:1 | Bought a scroll of fog for 48 gold pieces
 36504 | Vaults:1 | Received a gift from Nemelex Xobeh
 36540 | Vaults:1 | Found a portal to a secret trove of treasure.
 37116 | Vaults:2 | Received a gift from Nemelex Xobeh
 37188 | Vaults:2 | Identified the +7 scale mail "Hizxuxt" {Str-4 Int+3 Dex+4}
 37197 | Vaults:2 | Reached skill level 18 in Armour
 37659 | Vaults:2 | Reached skill level 10 in Evocations
 37726 | Vaults:2 | Received a gift from Nemelex Xobeh
 37762 | Vaults:2 | Found a staircase to the Crypt.
 38342 | Vaults:3 | Received a gift from Nemelex Xobeh
 38367 | Vaults:3 | Reached skill level 1 in Ranged Weapons
 38521 | Vaults:3 | Found Exefig's Distillery.
 38529 | Vaults:3 | Bought a potion of heal wounds for 80 gold pieces
 38529 | Vaults:3 | Bought a potion of haste for 160 gold pieces
 38529 | Vaults:3 | Bought a potion of might for 64 gold pieces
 38529 | Vaults:3 | Bought a potion of cancellation for 128 gold pieces
 38621 | Vaults:3 | Paralysed by a formless jellyfish for 1 turns
 38791 | Vaults:3 | Received a gift from Nemelex Xobeh
 38951 | Vaults:3 | Reached XP level 20. HP: 138/194 MP: 30/30
 39090 | Vaults:3 | Received a gift from Nemelex Xobeh
 39226 | Vaults:3 | Found a runed translucent door.
 39226 | Vaults:3 | Noticed Cexaud's ghost (adept DjCK)
 39652 | Vaults:3 | Killed Cexaud's ghost
 39653 | Vaults:3 | Reached skill level 5 in Ranged Weapons
 39658 | Vaults:3 | Identified the +5 spear of Regicide {spect, +Blink rCorr}
 39943 | Vaults:4 | Received a gift from Nemelex Xobeh
 39952 | Vaults:4 | Found Oqigg's Magic Scroll Shoppe.
 40963 | Vaults:4 | Identified the +0 robe of Ru's Regard {rF+ rC+ Int+3}
 41463 | Snake:4  | Bought the ring of Hospitality {Fly rElec} for 630 gold
                  | pieces
 41762 | Orc:2    | Bought a glowing chain mail for 142 gold pieces
 42005 | Depths:1 | Entered Level 1 of the Depths
 42025 | Depths:1 | Received a gift from Nemelex Xobeh
 42129 | Depths:1 | Found a gateway to Hell.
 42304 | Depths:1 | Reached skill level 19 in Armour
 42418 | Depths:1 | Found an opulent altar of Gozag.
 42470 | Depths:1 | Received a gift from Nemelex Xobeh
 42768 | Depths:2 | Received a gift from Nemelex Xobeh
 42972 | Depths:2 | Found a transporter.
 43085 | Depths:2 | Identified the ring of Ysiruc {Fly Will- rCorr Str+6 Int+6}
 43222 | Depths:2 | You fall into a shaft and drop 1 floor!
 43223 | Depths:3 | Received a gift from Nemelex Xobeh
 43267 | Depths:2 | Found a one-way gate to the infinite horrors of the Abyss.
 43268 | Depths:2 | Noticed a caustic shrike
 43271 | Depths:2 | Killed a caustic shrike
 43300 | Depths:2 | Reached XP level 21. HP: 136/204 MP: 32/32
 43421 | Depths:2 | Identified the ring of Jalen Afib {Wiz Fly rPois Str-3
                  | SInv}
 43496 | Depths:2 | Found Afeecor's Jewellery Emporium.
 43505 | Depths:2 | Identified the +6 dire flail of the Special Spirits {drain,
                  | *Noise rF- Str+3 Int+5}
 43518 | Depths:2 | Noticed a juggernaut
 43528 | Depths:2 | Killed a juggernaut
 43538 | Depths:2 | Found the necklace of Bloodlust {Fury *Rage Will++ Int-3
                  | Slay+6}
 43634 | Depths:2 | Found a one-way gate leading to the halls of Pandemonium.
 43683 | Depths:2 | Reached skill level 10 in Ranged Weapons
 43769 | Depths:2 | Identified the ring of the Thistle {*Corrode rF+ rC+ Int+6
                  | Slay+3}
 43855 | Depths:2 | Received a gift from Nemelex Xobeh
 43914 | Depths:2 | Found a transporter.
 44019 | Depths:3 | Reached skill level 20 in Armour
 44057 | Depths:3 | Noticed Xtahua
 44219 | Depths:3 | Xtahua changed into Xtahua the shadow dragon
 44219 | Depths:3 | Noticed Xtahua
 44228 | Depths:3 | Killed Xtahua the shadow dragon
 44702 | Depths:3 | Received a gift from Nemelex Xobeh
 44705 | Depths:3 | Found a white marble altar of Elyvilon.
 44742 | Depths:3 | Noticed Sojobo
 44756 | Depths:3 | Killed Sojobo
 44921 | Depths:3 | Noticed a juggernaut
 44935 | Depths:3 | Killed a juggernaut
 45043 | Depths:3 | Noticed Mennas
 45069 | Depths:3 | Killed Mennas
 45217 | Depths:3 | Noticed Mara
 45239 | Depths:3 | Noticed juan097's illusion
 45243 | Depths:3 | Killed Mara
 45655 | Depths:4 | Entered Level 4 of the Depths
 45964 | Depths:4 | Reached XP level 22. HP: 117/206 MP: 33/33
 46109 | Depths:4 | Found a gate to the Realm of Zot.
 46109 | Depths:4 | Noticed a golden dragon
 46121 | Depths:4 | Killed a golden dragon
 46123 | Depths:4 | Identified the +4 demon trident "Ostrucwi" {flame, rN+
                  | Int-4 Dex+4}
 46481 | Depths:4 | Found a one-way gateway to a ziggurat.
 46590 | Depths:4 | Noticed Vv
 46608 | Depths:4 | Killed Vv
 46807 | Depths:4 | Received a gift from Nemelex Xobeh
 48675 | Swamp:3  | Killed cforsyth's ghost
 48681 | Swamp:3  | Identified the +2 helmet "Wuhot" {Fly Int+2}
 49129 | Depths:3 | Voluntarily entered the Abyss.
 49137 | Abyss:2  | Found a corrupted altar of Lugonu.
 49175 | Abyss:2  | Found a corrupted altar of Lugonu.
 49175 | Abyss:2  | Found a corrupted altar of Lugonu.
 49175 | Abyss:2  | Found a corrupted altar of Lugonu.
 49179 | Abyss:2  | Received a gift from Nemelex Xobeh
 49293 | Abyss:3  | Paralysed by accursed screaming for 1 turns
 49302 | Abyss:3  | Received a gift from Nemelex Xobeh
 49686 | Abyss:3  | Received a gift from Nemelex Xobeh
 49780 | Abyss:3  | Got an abyssal rune of Zot
 49986 | Abyss:4  | Received a gift from Nemelex Xobeh
 50106 | Abyss:4  | Found a corrupted altar of Lugonu.
 50136 | Abyss:4  | Gained mutation: Armour fits poorly on your strangely
                  | shaped body. [a cacodemon]
 50197 | Depths:3 | Escaped the Abyss
 50202 | Depths:3 | Lost mutation: Armour fits poorly on your strangely shaped
                  | body. [potion of mutation]
 50202 | Depths:3 | Lost mutation: You sometimes lose your temper in combat.
                  | [potion of mutation]
 50202 | Depths:3 | Gained mutation: You are clumsy. (Dex -2) [potion of
                  | mutation]
 50202 | Depths:3 | Gained mutation: You are partially covered in large bone
                  | plates. (SH +4) [potion of mutation]
 50202 | Depths:3 | Gained mutation: You are strong-willed. (Will+) [potion of
                  | mutation]
 50454 | Vaults:1 | You showed the abyssal rune of Zot to enter a treasure
                  | trove
 50455 | Trove    | Entered a treasure trove
 50462 | Trove    | Identified the ring "Daluwk" {Fly Will- Str+2 Int+5 Stlth+}
 50468 | Trove    | Identified the amulet of Jisot {rF+ rC+ Regen+}
 50472 | Trove    | Identified the amulet "Hezuzxow" {Reflect rC+ SH+5}
 50476 | Trove    | Identified the ring "Deggice" {Fly Int+4}
 50480 | Trove    | Identified the ring "Liotago" {rPois rN+ Dex+4 Stlth-}
 50484 | Trove    | Identified the ring "Guyxt" {Fire Str+3 Int+5 Dex+2}
 50485 | Trove    | Identified the ring of Dim Light {rN+ Str+4}
 50823 | Elf:1    | Entered Level 1 of the Elven Halls
 50827 | Elf:1    | Identified the serpent talisman of Sif Muna's Anger {Str+3
                  | SInv}
 50827 | Elf:1    | Noticed Aizul
 50844 | Elf:1    | Killed Aizul
 50945 | Elf:1    | Reached XP level 23. HP: 183/224 MP: 34/34
 51041 | Elf:1    | Received a gift from Nemelex Xobeh
 51167 | Elf:1    | Noticed Norris
 51182 | Elf:1    | Killed Norris
 51291 | Elf:1    | Paralysed by an air elemental for 1 turns
 51295 | Elf:1    | Paralysed by an air elemental for 1 turns
 51370 | Elf:1    | Found Tasiutzo's Antique Armour Emporium.
 51399 | Elf:1    | Reached skill level 15 in Dodging
 51464 | Elf:1    | Noticed Asterion
 51475 | Elf:1    | Killed Asterion
 52063 | Elf:2    | Found Peixur's Armour Shoppe.
 52066 | Elf:2    | Received a gift from Nemelex Xobeh
 52069 | Elf:2    | Found Qaklobas's Book Emporium.
 52267 | Elf:2    | Found a runed translucent door.
 52288 | Elf:2    | Reached skill level 21 in Armour
 52294 | Elf:2    | Found a runed translucent door.
 52386 | Elf:2    | Received a gift from Nemelex Xobeh
 52524 | Elf:3    | Entered Level 3 of the Elven Halls
 52620 | Elf:3    | Reached skill level 1 in Translocations
 52629 | Elf:3    | Reached skill level 1 in Spellcasting
 52629 | Elf:3    | Noticed Nikola
 52651 | Elf:3    | Killed Nikola
 52755 | Elf:3    | Received a gift from Nemelex Xobeh
 52882 | Elf:3    | Paralysed by an air elemental for 1 turns
 52884 | Elf:3    | Paralysed by an air elemental for 1 turns
 52932 | Elf:3    | Identified the +1 ring mail of the Salmon {rF- Dex+4
                  | Stlth+}
 53532 | Elf:3    | Identified the +4 scale mail "Xiw Zur" {rPois rC+}
 53536 | Elf:3    | Identified the +4 glaive "Murmur" {flame, Str+6}
 53536 | Elf:3    | Identified the +1 flail of Deflation {heavy, MP+9 Int+3}
 53536 | Elf:3    | Identified the orb "Fatwiupto" {*Rage, Int+3}
 53736 | Elf:3    | Identified the +1 glaive of the Final Decision {venom,
                  | Dex+2 SInv}
 53965 | Elf:1    | Bought a spiked plate armour for 784 gold pieces
 53965 | Elf:1    | Identified the +4 plate armour of Mumblety Peg {rElec rCorr
                  | Str+3} (You bought it in a shop on level 1 of the Elven
                  | Halls)
 53997 | Elf:1    | Acquired a manual of Armour
 54324 | Slime:1  | Entered Level 1 of the Pits of Slime
 54902 | Slime:2  | Reached skill level 5 in Translocations
 54925 | Slime:3  | Received a gift from Nemelex Xobeh
 54951 | Slime:3  | Reached XP level 24. HP: 222/235 MP: 35/35
 54977 | Slime:4  | Gained mutation: You are weak. (Str -2) [a shining eye]
 54987 | Slime:4  | Gained mutation: You have hidden genetic defects. [a
                  | shining eye]
 54996 | Slime:4  | Lost mutation: You are partially covered in large bone
                  | plates. (SH +4) [potion of mutation]
 54996 | Slime:4  | Lost mutation: You are strong-willed. (Will+) [potion of
                  | mutation]
 54996 | Slime:4  | Lost mutation: You have hidden genetic defects. [potion of
                  | mutation]
 54996 | Slime:4  | Gained mutation: Your body sometimes deteriorates upon
                  | taking damage. [potion of mutation]
 54997 | Slime:4  | Lost mutation: Your body sometimes deteriorates upon taking
                  | damage. [potion of mutation]
 54997 | Slime:4  | Lost mutation: You are weak. (Str -2) [potion of mutation]
 54997 | Slime:4  | Gained mutation: You passively map a small area around you.
                  | [potion of mutation]
 54997 | Slime:4  | Gained mutation: You have large cloven feet. [potion of
                  | mutation]
 55005 | Slime:5  | Entered Level 5 of the Pits of Slime
 55122 | Slime:5  | Noticed the Royal Jelly
 55132 | Slime:5  | Killed the Royal Jelly
 55431 | Slime:5  | Gained mutation: You are very clumsy. (Dex -4) [a shining
                  | eye]
 55465 | Slime:5  | Identified the +3 mace "Awnoqim" {pain, *Noise rF++ Str+3}
 55472 | Slime:5  | Identified the +10 plate armour of Discretion {rN+}
 55532 | Slime:5  | Identified the +0 shortbow "Aggias" {heavy, rC++}
 55533 | Slime:5  | Identified the amulet of Ymoopynko {Faith Dex+3 Stlth+}
 55537 | Slime:5  | Identified the +4 flail of Zyniapn {flame, Str+3 Dex+6}
 55541 | Slime:5  | Got a slimy rune of Zot
 55582 | Slime:5  | Got the Folio of Nephomancy and Cleavage
 55583 | Slime:5  | Identified the +6 long sword of the Burnt God {flame, rPois
                  | rC+ Will+}
 55592 | Slime:5  | Identified the +10 glaive of Fate {freeze, *Rage Int+4}
 55613 | Slime:5  | Identified the +3 scimitar of the Nexus {flame, rC+}
 55628 | Slime:5  | Identified the +9 shortbow "Ipnucay" {heavy, rC+}
 55651 | Slime:5  | Received a gift from Nemelex Xobeh
 55665 | Slime:5  | Reached skill level 5 in Stealth
 56176 | Vaults:5 | Entered Level 5 of the Vaults
 56315 | Vaults:4 | Reached skill level 22 in Armour
 56817 | Vaults:5 | Reached skill level 23 in Armour
 56820 | Vaults:5 | Noticed Bai Suzhen
 56824 | Vaults:5 | Bai Suzhen changed into Bai Suzhen the red ugly thing
 56824 | Vaults:5 | Noticed Bai Suzhen
 56831 | Vaults:5 | Killed Bai Suzhen the white ugly thing
 56844 | Vaults:5 | Reached skill level 10 in Stealth
 56894 | Vaults:5 | Noticed Margery
 56901 | Vaults:5 | Killed Margery
 57343 | Vaults:4 | Reached skill level 24 in Armour
 57791 | Vaults:5 | Reached skill level 25 in Armour
 57836 | Vaults:5 | Reached XP level 25. HP: 175/236 MP: 35/35
 57938 | Vaults:5 | Identified the +12 scimitar "Laike" {distort, rElec rF+}
 57958 | Vaults:5 | Identified the +2 robe "Henn" {rN+ Str+2}
 58067 | Vaults:5 | Got the Anthology of the Mob
 58097 | Vaults:5 | Received a gift from Nemelex Xobeh
 58118 | Vaults:5 | Noticed a dread lich
 58123 | Vaults:5 | Killed a dread lich
 58134 | Vaults:5 | Noticed an ancient lich
 58137 | Vaults:5 | Killed an ancient lich
 58178 | Vaults:5 | Identified the +5 scale mail of Vatwan {Str+3}
 58180 | Vaults:5 | Got the Spellbook of Brumal Conjuration
 58192 | Vaults:5 | Got the Codex of the Mob
 58243 | Vaults:5 | Got a silver rune of Zot
 58263 | Vaults:5 | Noticed an ancient lich
 58269 | Vaults:5 | Killed an ancient lich
 58270 | Vaults:5 | Reached skill level 26 in Armour
 58354 | Vaults:5 | Received a gift from Nemelex Xobeh
 58765 | Vaults:5 | Identified the +1 long sword "Rubavak" {holy, rElec rN++
                  | rCorr Str-2}
 58765 | Vaults:5 | Identified the +1 robe "Fuxuehao" {+Blink Str+2}
 58770 | Vaults:5 | Paralysed by something for 4 turns
 58826 | Vaults:5 | Received a gift from Nemelex Xobeh
 58876 | Vaults:5 | Got the Vademecum on Grim Kinetic Energy
 59236 | Zot:1    | Entered Level 1 of the Realm of Zot
 59737 | Zot:1    | Received a gift from Nemelex Xobeh
 60089 | Zot:1    | Received a gift from Nemelex Xobeh
 60178 | Zot:1    | Reached skill level 15 in Throwing
 60190 | Zot:1    | Killed from afar by a black draconian knight

Illustrated notes

Levels and vault maps discovered:
D:1:      dpeg_arrival_tiny_a, layout_basic
D:2:      layout_basic, basic_altar, uniq_sigmund
D:3:      layout_loops_cross, mainiacjoe_overflow_catch_the_wave,
          minmay_quadrilaterals
D:4:      layout_rooms, kennysheep_mini_moat, uniq_menkaure, uniq_ijyb,
          uniq_pikel
D:5:      layout_basic
D:6:      layout_loops_corners, fedhas_bush_and_centaur_altar,
          minmay_temple_entry_drinking_statues, minmay_manual_mess,
          uniq_duvessa, uniq_jeremiah
D:7:      layout_rooms, enter_ossuary_4, lightli_corner_chamber
D:8:      layout_basic, trog_book, bloody_makhleb, jmf_multi_god_temple,
          nrook_mini_vaults, kennysheep_boxes
D:9:      layout_loops_ring, okawaru_ov_weapons_minmay,
          nicolae_ashenzari_panopticon, mainiacjoe_overflow_cross_hatched,
          kennysheep_little_box, david_orc_3, serial_shops, shop,
          nicolae_shop_peninsula, uniq_harold
D:10:     layout_irregular_city, kennysheep_slug_shrine, kennysheep_mini,
          nicolae_wu_jian_glorious_leap, minmay_lair_entry_grove,
          minmay_door_square
D:11:     layout_long_grid, uniq_maurice
D:12:     layout_loops_ring, kennysheep_cluttered_room,
          amcnicky_mini_rare_corridor_liquid, uniq_erolcha, uniq_azrael
D:13:     layout_loops_cross, argonaut_gorgonesque, uniq_lodul, uniq_nessos,
          uniq_sonja, uniq_frances
D:14:     minmay_the_grid_octo_2x2 [minmay_the_grid_octo_teeth,
          minmay_the_grid_octo_vomiting_pacman,
          minmay_the_grid_octo_fat_diamond,
          minmay_the_grid_octo_prize_single_spiral], layout_loops_ring,
          david_vaults_5, minmay_stone_trees_small, hangedman_decor_push,
          kennysheep_inner_square
D:15:     grunt_enter_depths_hoard, layout_basic, chequers_serial_rivers_room_b,
          muffindrake_ghost_dual_entry, uniq_kirke
Temple:   nicolae_temple_ecumenical_triangle
Lair:1:   layout_concentric_octagons, serial_bayou_shore_a
Lair:2:   layout_long_grid
Lair:3:   layout_big_grid, minmay_swamp_entry_swarm, dummy_snake_entry,
          basic_altar, lemuel_fruit_fields, infiniplex_staircase_pool,
          uniq_nergalle
Lair:4:   layout_cave_pods, slime_entry_1, basic_altar, lemuel_fruit_tree
Lair:5:   evilmike_catoblepas_cave, layout_cave_pods, nicolae_lair_yak_garden
Swamp:1:  layout_basic_swamp, serial_swamp_ruin, evilmike_swamp_ruin_rubble_1,
          evilmike_swamp_ruin_house_2, nicolae_swamp_no_escape
Swamp:2:  layout_basic_swamp, evilmike_swamp_ruin_rubble_2, uniq_mlioglotl
Swamp:3:  layout_falls_marsh, gammafunk_ghost_berserking_beasts,
          nicolae_swamp_tree_isthmus, infiniplex_staircase_pool_2
Swamp:4:  swamp_pestilence, layout_basic_swamp
Snake:1:  layout_onion, uniq_jorgrun
Snake:2:  layout_onion_interference, grunt_megastairs_4
Snake:3:  layout_rooms, drop_trap
Snake:4:  snake_pit, layout_rooms, minmay_shop_grove
Slime:1:  layout_caves
Slime:2:  layout_caves, special_room [special_room_jelly],
          nicolae_slime_getting_an_eyeful
Slime:3:  layout_caves
Slime:4:  layout_caves
Slime:5:  slime_pit_nicolae_block_by_block
Orc:1:    nicolae_orc_accident_3, layout_caves
Orc:2:    st_orc_elflike, layout_diamond_mine, basic_altar, serial_shops, shop,
          nicolae_shop_crystal, shop_statue, nicolae_orc_rockfall
Elf:1:    eino_elf_arrival_customs, layout_gridlike, serial_shops,
          nicolae_lakefront_shop, minmay_elf_sorcery, uniq_norris,
          uniq_asterion, uniq_aizul
Elf:2:    elven_hall_of_blades_hangedman_original
          [nicolae_blade_entry_splitting_headache], layout_geoelf_diagonals,
          dreamdust_mushroom_princess, nrook_uturn, minmay_shoptagon
Elf:3:    minmay_elf_hall_not_hex, layout_geoelf_diagonals, grunt_megastairs_5,
          uniq_nikola
Vaults:1: nicolae_vaults_surprise_closet, nicolae_vaults_security_offices_6,
          nicolae_vaults_tangram_1, nicolae_vaults_frosty_reception,
          hangedman_vaults_locks, nicolae_vaults_closet_pinwheel_6,
          nicolae_vaults_sesquioval_fish, vaults_dpeg_diagonal,
          vaults_standard_mumra_x, layout_vaults_omnigrid,
          nicolae_trove_entry_path_of_doom, serial_shops, shop
Vaults:2: grunt_vaults_diagonal, nicolae_vaults_yaktaur_gun_rack, v_misc_13,
          blue_anna_dwarven_crypt, grunt_vaults_bifocal, nicolae_vaults_two_Ls,
          nicolae_vaults_angled_halls, nicolae_vaults_little_squares_2,
          ontoclasm_vaults_spin, nicolae_vaults_wine_cellar,
          nicolae_vaults_triangles, vaults_room_semicircle,
          nicolae_vaults_border_crossing, v_alt_pattern_3, layout_vaults_omnibox
Vaults:3: ebering_ghost_inner_flame, vaults_room_octagon, v_misc_4,
          nicolae_vaults_house_1, nicolae_vaults_network_periphery,
          vaults_mumra_minichess, vaults_room_door_hall,
          nicolae_vaults_closet_pinwheel_1, dpeg_vaults_monster_row, v_misc_8,
          v_alt_pattern_1, nicolae_vaults_gold_heap, ontoclasm_vaults_fault,
          nicolae_vaults_specimen_jars, nicolae_vaults_little_squares_5,
          layout_vaults_ring, serial_shops, nicolae_shop_industrial_runoff
Vaults:4: nicolae_vaults_tangram_1, v_alt_pattern_3, v_misc_14, v_misc_32,
          v_alt_pattern_6, st_diamondy, nicolae_vaults_little_squares_3,
          nicolae_vaults_storage_closets_2, nicolae_vaults_double_plus_2,
          vaults_dpeg_hooks, nicolae_vaults_weapon_check,
          nicolae_vaults_trapezoid_lopsided_3, vaults_dpeg_spiral,
          layout_vaults_maze_snakey, serial_shops, shop
Vaults:5: serial_shops, uniq_margery, uniq_bai_suzhen
Depths:1: layout_forbidden_donut, grunt_hell_entry_dis_mu, grunt_decor_junction,
          nicolae_gozag_cash_rules_everything_around_me,
          roderic_lattice_octagonal_star
Depths:2: hangedman_spin_cycle, pan_entry, hell_entry, abyss_entry
Depths:3: minmay_roctagon, layout_basic, hellmouth_3, abyss_entry,
          elyvilon_altar_3, hangedman_corner_corridor, uniq_mennas, uniq_mara,
          uniq_xtahua, uniq_sojobo
Depths:4: grunt_x_marks_the_spot, layout_gridlike, enter_ziggurat_c,
          grunt_decor_arrowhead, abyss_entry, pf_vacation_house_of_asmodeus,
          serial_bayou_pond_c, minmay_metal_thing, uniq_vv
Zot:1:    layout_gridlike, lemuel_flame_loot_1, grunt_megastairs_1

Skill      XL: |  1  2  3  4  5  6  7  8  9 10 11 12 13 14 15 16 17 18 19 20 21 22 23 24 25 |
---------------+----------------------------------------------------------------------------+-----
Shields        | 4 5 6 8 13 16 17 18 20 21 | 21.0
Armour         | 4 5 6 8 9 10 11 13 14 15 17 18 19 20 21 25 26 | 26.0
Fighting       | 4 6 7 8 9 11 13 16 18 19 20 21 22 23 | 23.7
Axes           | 3 4 8 9 10 12 13 15 17 18 | 18.0
Dodging        | 1 3 4 5 6 7 8 9 10 12 13 14 15 | 15.0
Stealth        | 1 2 4 12 | 12.0
Throwing       | 1 4 6 8 9 11 14 15 | 15.0
Evocations     | 3 5 6 8 10 | 10.0
Invocations    | 3 5 7 8 9 11 12 14 15 16 18 | 18.0
Ranged Weapons | 3 8 12 | 12.0
Translocations | 5 8 |  8.0
Spellcasting   | 4 |  4.0

Action                     |  1- 3 |  4- 6 |  7- 9 | 10-12 | 13-15 | 16-18 | 19-21 | 22-24 | 25-27 || total
---------------------------+-------+-------+-------+-------+-------+-------+-------+-------+-------++-------
  Melee: War axe           |    87 |    51 |   300 |   514 |    11 |       |       |       |       ||   963
         Headbutt          |     9 |     9 |    48 |   110 |   130 |   200 |   270 |   345 |    63 ||  1184
         Broad axe         |       |       |       |    25 |   595 |   871 |  1007 |  1255 |   213 ||  3966
   Fire: Sling             |       |       |       |       |       |   292 |     1 |       |       ||   293
         Hand cannon       |       |       |       |       |       |       |   151 |    21 |       ||   172
  Throw: Dart              |       |     3 |    46 |   118 |    82 |     7 |     5 |     2 |       ||   263
         Throwing net      |       |     1 |     2 |     1 |       |       |     2 |       |       ||     6
         Boomerang         |       |       |       |     3 |    25 |       |       |   148 |    14 ||   190
 Invoke: Draw Destruction  |       |       |       |    14 |     6 |    11 |    10 |    29 |       ||    70
         Draw Escape       |       |       |       |     4 |     1 |     1 |     2 |     3 |     1 ||    12
         Draw Summoning    |       |       |       |     1 |       |    13 |    10 |    16 |     1 ||    41
         Draw Stack        |       |       |       |       |     2 |     1 |       |       |       ||     3
         Deal Four         |       |       |       |       |     1 |     1 |     3 |     6 |       ||    11
         Stack Five        |       |       |       |       |     1 |       |       |       |       ||     1
         Triple Draw       |       |       |       |       |       |       |     1 |     1 |       ||     2
  Evoke: Wand              |       |       |     7 |     1 |     2 |    33 |     8 |     5 |     4 ||    60
         Lightning rod     |       |       |       |       |       |       |     4 |       |     4 ||     8
         Sack of spiders   |       |       |       |       |       |       |       |       |     1 ||     1
    Use: Potion            |       |       |     2 |       |     1 |     2 |     5 |    15 |     2 ||    27
         Scroll            |       |       |    12 |     5 |    12 |     7 |     7 |    12 |     2 ||    57
   Stab: Sleeping          |       |       |     3 |     1 |       |       |       |       |       ||     4
         Held in net/web   |       |       |     1 |       |       |       |     3 |       |       ||     4
         Petrified         |       |       |       |       |     1 |       |       |     2 |       ||     3
         Distracted        |       |       |       |       |       |     1 |     3 |     4 |     1 ||     9
         Confused          |       |       |       |       |       |       |       |     4 |       ||     4
 Armour: Scale mail        |    66 |    26 |       |   302 |   517 |    67 |       |       |       ||   978
         Leather armour    |       |     3 |   201 |    24 |       |       |       |       |       ||   228
         Chain mail        |       |       |       |       |       |   334 |       |       |       ||   334
         Plate armour      |       |       |       |       |       |   417 |   768 |   707 |   178 ||  2070
         Shadow dragon sca |       |       |       |       |       |       |       |   240 |       ||   240
         Skin              |       |       |       |       |       |       |       |    47 |       ||    47
  Dodge: Dodged            |    43 |    25 |   152 |   212 |   291 |   357 |   344 |   492 |    63 ||  1979
  Block: Buckler           |    20 |    11 |    62 |    95 |   116 |       |       |       |       ||   304
         Kite shield       |       |       |       |       |    97 |   488 |       |       |       ||   585
         Reflection        |       |       |       |       |     4 |    77 |       |       |       ||    81
         Tower shield      |       |       |       |       |       |   607 |  1184 |  1752 |   221 ||  3764

Table legend: (Time is in decaauts)
 A = Elapsed time spent in this place.
 B = Non-inter-level travel time spent in this place.
 C = Inter-level travel time spent in this place.
 D = Time resting spent in this place.
 E = Time spent auto-exploring this place.
 F = Levels seen in this place.
 G = Mean time per level.
                   A        B        C        D        E       F      G
               +--------+--------+--------+--------+--------+-----+--------+
         Total |  61722 |  53054 |   8668 |   2204 |  35099 |  55 | 1122.2 |
       Dungeon |  18452 |  15300 |   3152 |    489 |  11322 |  15 | 1230.1 |
        Temple |      1 |      1 |      0 |      0 |      0 |   1 |    1.0 |
          Lair |   7802 |   6264 |   1538 |    213 |   4907 |   5 | 1560.4 |
         Swamp |   3614 |   3204 |    410 |     18 |   2207 |   4 |  903.5 |
     Snake Pit |   5607 |   4846 |    761 |    317 |   2555 |   4 | 1401.8 |
    Slime Pits |   1380 |   1284 |     96 |    191 |    427 |   5 |  276.0 |
  Orcish Mines |   3836 |   3023 |    813 |    116 |   1871 |   2 | 1918.0 |
   Elven Halls |   3331 |   3031 |    300 |    129 |   1942 |   3 | 1110.3 |
        Vaults |   9169 |   8265 |    904 |    292 |   5735 |   5 | 1833.8 |
        Depths |   6050 |   5393 |    657 |    268 |   3245 |   4 | 1512.5 |
           Zot |    930 |    897 |     33 |      0 |    667 |   1 |  930.0 |
         Abyss |   1112 |   1112 |      0 |    169 |     48 |   4 |  278.0 |
         Trove |     48 |     48 |      0 |      0 |      3 |   1 |   48.0 |
       Ossuary |    382 |    382 |      0 |      0 |    169 |   1 |  382.0 |
               +--------+--------+--------+--------+--------+-----+--------+

Top non-repeatable levels by time:
Vaults:4: 2690 daAuts
    D:14: 2572 daAuts
 Snake:4: 2475 daAuts
   Orc:2: 2141 daAuts
  Lair:1: 2123 daAuts
  Lair:5: 1981 daAuts
Vaults:1: 1876 daAuts
Depths:4: 1864 daAuts
   Orc:1: 1695 daAuts
Depths:3: 1689 daAuts
Depths:2: 1578 daAuts
Vaults:5: 1570 daAuts
Vaults:3: 1546 daAuts
Vaults:2: 1485 daAuts
    D:15: 1483 daAuts
